 Dungeon Crawl Stone Soup version 0.31.0-9-g3a7656b989 (webtiles) character file.

Game seed: 5607446114358289148

510 Baz the Ruffian (level 6, -4/76 HPs)
             Began as a Draconian Shapeshifter on Jan 26, 2024.
             Slain by a gnoll sergeant
             ... wielding a +0 trident
              (7 damage)
             ... on level 7 of the Dungeon.
             The game lasted 00:05:20 (3102 turns).

Baz the Ruffian (Draconian Shapeshifter)            Turns: 3102, Time: 00:05:21

Health: -4/76      AC:  6    Str: 16    XL:     6   Next: 98%
Magic:  6/6        EV: 13    Int: 11    God:
Gold:   170        SH:  0    Dex: 14    Spells: 5/5 levels left

rFire   . .          .
                       - Unarmed
rCold   . . .        (no shield)
rNeg    . . .        (body armour unavailable)
rPois   .            (helmet currently unavailable)
rElec   +            p - melded +0 cloak
rCorr   .            d - melded +2 pair of gloves
SInv    .            (boots currently unavailable)
Will    .....        (no amulet) Stlth
                     (no ring)
HPRegen 0.32/turn    (no ring)
MPRegen 0.10/turn

%: no passive effects
@: berserking, beast-form, very quick
A: beast (slay +2), AC +6, unfitting armour, cold-blooded, fangs 1, talons 1,
thin skeletal structure 1, electricity resistance
a: Begin Untransformation


You were on level 7 of the Dungeon.
You were a hulking beast.
You visited 1 branch of the dungeon, and saw 5 of its levels.

You collected 170 gold pieces.

Inventory:

Armour
 d - a +2 pair of gloves (melded)
 p - a +0 cloak (melded)
Talismans
 b - a beast talisman (active)
 c - a flux talisman
 k - a maw talisman
Scrolls
 e - 2 scrolls of teleportation {unknown}
 f - a scroll of vulnerability {unknown}
 g - 4 scrolls of revelation {unknown}
 i - a scroll of noise {unknown}
 j - 3 scrolls of identify {unknown}
 m - a scroll of enchant armour {unknown}
 n - a scroll of summoning {unknown}
 u - a scroll of poison {unknown}
Potions
 r - a potion of heal wounds {unknown}
 s - a potion of might {unknown}
 t - 2 potions of mutation


   Skills:
 + Level 3.6 Fighting
 + Level 3.4 Dodging
 * Level 5.4 Unarmed Combat
 + Level 4.2 Shapeshifting


You had 5 spell levels left.
You didn't know any spells.
Your spell library contained the following spells:

 Spells                   Type           Power      Damage    Failure   Level
 Slow                     Hex            0%         N/A       34%         1
 Confusing Touch          Hex            0%         N/A       71%         3
 Sigil of Binding         Hex            0%         N/A       71%         3
 Vampiric Draining        Necr           0%         2d6       71%         3


Dungeon Overview and Level Annotations

Branches:
Dungeon (4/15)             Temple (0/1) D:4

Altars:

Shops:
D:4 !


Innate Abilities, Weirdness & Mutations

You are a hulking beast.
Your limbs bulge with bestial killing power. (Slay +2)
Your plain brown scales are hard. (AC +6)
You cannot fit into any form of body armour.
You are cold-blooded and may be slowed by cold attacks.
You have very sharp teeth.
You have sharp toenails.
You have a somewhat thin skeletal structure. (Dex +2, Stealth+)
You are resistant to electric shocks. (rElec)


Message History

Your transformation is almost over.
The gnoll sergeant hits you but does no damage.
The gnoll sergeant hits you from afar with a +0 trident.
The gnoll sergeant hits you from afar with a +0 trident.
The gnoll sergeant hits you from afar with a +0 trident.
The gnoll sergeant hits you from afar with a +0 trident.
The gnoll sergeant hits you from afar with a +0 trident.
The gnoll sergeant hits you but does no damage.
The gnoll sergeant hits you but does no damage.
The gnoll sergeant hits you from afar with a +0 trident.
You feel less wooden.
Your +0 cloak unmelds from your body.
Your +2 pair of gloves unmelds from your body.
You turn into a hulking beast.
Your +0 cloak melds into your body.
Your +2 pair of gloves melds into your body.
The gnoll sergeant hits you from afar with a +0 trident!
* * * LOW HITPOINT WARNING * * *
It was a potion of curing.
You feel better.
The gnoll sergeant hits you from afar with a +0 trident!
* * * LOW HITPOINT WARNING * * *
You feel better.
The gnoll sergeant hits you from afar with a +0 trident.
* * * LOW HITPOINT WARNING * * *
Unknown command.
Okay, then.
Unknown command.
As you read the scroll labelled UTISUU WIENLI, it crumbles to dust.
The creatures around you are filled with an inner flame!
It was a scroll of immolation.
The gnoll sergeant hits you from afar with a +0 trident!
* * * LOW HITPOINT WARNING * * *
Okay, then.
Unknown command.
It was a potion of berserk rage.
A red film seems to cover your vision as you go berserk!
You feel yourself moving faster!
You feel mighty!
The gnoll sergeant hits you but does no damage.
You feel a strong urge to attack something.
The gnoll sergeant hits you with a +0 trident!
You die...

#..... #....# #....#
.. #....# .... #
#....#######..... #.
#................ ##..
###'#............
#...g#.).#............
#...ggh..#...........#
+...g#...#............
#### ##..#............
#..##.......###.
....#....c......
.....#........#..
.....#..^.....#
......#........#
#..........


You could see a gnoll sergeant (inner flame) and 3 gnolls.

Vanquished Creatures
  An ice beast (D:7)
  A centaur (D:7)
  A bullfrog (D:7)
  A bombardier beetle (D:3)
  3 hounds
  Crazy Yiuf (D:2)
  An iguana (D:4)
  5 adders
  3 ribbon worms (D:2)
  An orc (D:4)
  3 bats
  4 endoplasms
  3 giant cockroaches
  3 hobgoblins
  4 jackals (D:3)
  2 quokkas
  3 ball pythons
  6 frilled lizards
  2 goblins
  6 kobolds
  2 rats
56 creatures vanquished.

Notes
Turn   | Place    | Note
-------+----------+-------------------------------------------
     0 | D:1      | Baz the Draconian Shapeshifter began the quest for the Orb.
     0 | D:1      | Reached XP level 1. HP: 16/16 MP: 1/1
   690 | D:2      | Noticed a bombardier beetle
   814 | D:2      | Found a runed translucent door.
   815 | D:2      | Noticed Crazy Yiuf
   876 | D:3      | Reached XP level 2. HP: 19/23 MP: 2/2
   999 | D:3      | Reached XP level 3. HP: 20/29 MP: 3/3
  1319 | D:2      | Reached XP level 4. HP: 32/36 MP: 4/4
  1656 | D:2      | Reached skill level 4 in Unarmed Combat
  2027 | D:2      | Killed Crazy Yiuf
  2102 | D:3      | Reached XP level 5. HP: 42/42 MP: 5/5
  2787 | D:4      | Found Gawowat's Distillery.
  2863 | D:4      | Reached XP level 6. HP: 43/51 MP: 6/6
  3025 | D:4      | Found a staircase to the Ecumenical Temple.
  3038 | D:4      | You fall into a shaft and drop 3 floors!
  3047 | D:7      | Noticed an ice beast
  3050 | D:7      | Gained mutation: You have sharp toenails. [potion of
                  | mutation]
  3050 | D:7      | Gained mutation: You have very sharp teeth. [potion of
                  | mutation]
  3050 | D:7      | Gained mutation: You are resistant to electric shocks.
                  | (rElec) [potion of mutation]
  3050 | D:7      | Gained mutation: You have a somewhat thin skeletal
                  | structure. (Dex +2, Stealth+) [potion of mutation]
  3065 | D:7      | Reached skill level 5 in Unarmed Combat
  3073 | D:7      | Killed an ice beast
  3098 | D:7      | HP: 2/51 [gnoll sergeant/+0 trident (13)]
  3102 | D:7      | Slain by a gnoll sergeant

Illustrated notes

Levels and vault maps discovered:
D:1:      ldierk_walled_garden_2, layout_basic
D:2:      cheibrodos_helix_gallery, layout_basic, uniq_crazy_yiuf_cottage
D:3:      minmay_angry_zag, layout_basic, columned_hall_lemuel,
          hangedman_decor_push
D:4:      layout_gridville, minmay_temple_entry_large_hall,
          nicolae_stop_n_shop_2
D:7:      hangedman_cross_stitches, layout_gridville,
          mainiacjoe_overflow_tiny_flanked, uniq_maggie

Skill      XL: |  1  2  3  4  5  6 |
---------------+-------------------+-----
Dodging        | 2 3 |  3.4
Fighting       | 2 3 |  3.6
Unarmed Combat | 4 5 |  5.4
Shapeshifting  | 4 |  4.2

Action                     |  1- 3 |  4- 6 || total
---------------------------+-------+-------++-------
  Melee: Unarmed           |    57 |   122 ||   179
         Tailslap          |     4 |    15 ||    19
         Punch             |       |     4 ||     4
         Bite              |       |     1 ||     1
Ability: Begin Untransform |     1 |     1 ||     2
    Use: Potion            |       |     7 ||     7
         Scroll            |       |     1 ||     1
   Stab: Sleeping          |       |     2 ||     2
 Armour: Skin              |    36 |   105 ||   141
  Dodge: Dodged            |    35 |    63 ||    98
   Form: Beast             |     1 |     1 ||     2
